[Event "12h Blitz Kuppenheim Endrunde"]
[Site "Kuppenheim"]
[Date "2005.06.04"]
[Round "?"]
[White "N.N."]
[Black "KingLoek"]
[Result "0-1"]
[ECO "B95"]
[WhiteElo "2300"]
[BlackElo "2685"]
[PlyCount "80"]
[EventDate "2005.06.03"]
[EventType "blitz"]
[Source "Kuppenheim"]
[SourceDate "2005.01.01"]
[TimeControl "240"]

1. e4 c5 2. Nf3 d6 3. d4 cxd4 4. Nxd4 Nf6 5. Nc3 a6 6. Bg5 e6 7. Qd2 b5 8. f3 Bb7 9. O-O-O Nbd7 10. Bd3 Be7 11. h4 Rc8 12. Kb1 O-O 13. g4 Ne5 14. Be3 Nc4 15. Bxc4 Rxc4 16. g5 Nd7 17. h5 Ne5 18. g6 Qc8 19. gxh7+ Kxh7 20. Rdg1 Rxc3 21. Qxc3 Qxc3 22. bxc3 Rc8 23. Bd2 Nc4 24. Bc1 Nb6 25. Bb2 {
Kuppenheim bietet Remis [%emt 0:00:07]} Na4 26. Rh2 Nxc3+ 27. Bxc3 Rxc3 28. Rf2 Bf6 29. Nb3 d5 30. exd5 Bxd5 31. f4 a5 32. Rd1 a4 33. Nc1 b4 34. Rd3 Rc4 35. f5 Rh4 36. fxe6 fxe6 37. Rdf3 Bxf3 38. Rxf3 Rxh5 39. a3 Rh1 40. axb4 Bg5 {
Kuppenheim gibt auf  (Lag: Av=0.48s, max=0.6s) [%emt 0:00:03]} 0-1

[Event "12h Blitz Kuppenheim Endrunde"]
[Site "Kuppenheim"]
[Date "2005.06.04"]
[Round "?"]
[White "KingLoek"]
[Black "Miezis"]
[Result "1/2-1/2"]
[ECO "A60"]
[WhiteElo "2685"]
[BlackElo "2564"]
[PlyCount "95"]
[EventDate "2005.06.03"]
[EventType "blitz"]
[Source "Kuppenheim"]
[SourceDate "2005.01.01"]
[TimeControl "240"]

1. d4 Nf6 2. Nf3 c5 3. d5 e6 4. c4 exd5 5. cxd5 Bd6 6. Nc3 Bc7 7. g3 d6 8. Bg2 O-O 9. O-O a6 10. a4 Re8 11. Nd2 Nbd7 12. h3 Rb8 13. g4 Ne5 14. f4 Nexg4 15. hxg4 Nxg4 16. Nf3 c4 17. a5 Bxa5 18. Rxa5 Qxa5 19. Qd4 b5 20. e4 b4 21. Nd1 Bd7 22. Nf2 Nxf2 23. Rxf2 c3 24. bxc3 bxc3 25. Be3 Rec8 26. Ne1 Qb4 27. Qxb4 Rxb4 28. Kh2 Ba4 29. Nd3 Rb1 30. e5 Bb5 31. Nc1 dxe5 32. fxe5 Re8 33. e6 fxe6 34. dxe6 Bc4 35. Rc2 Rxe6 36. Rxc3 Rxe3 37. Rxc4 h5 38. Rc8+ Kh7 39. Nd3 g6 40. Nf4 Rb4 41. Nd5 Rh4+ 42. Kg1 Re1+ 43. Kf2 Re5 44. Bf3 Ra4 45. Rc6 Ra2+ 46. Kf1 Rf5 47. Rc3 h4 48. Kg1 {
Kuppenheim bietet Remis  (Lag: Av=0.52s, max=1.0s) [%emt 0:00:03]} 1/2-1/2

[Event "12h Blitz Kuppenheim Play-off"]
[Site "Kuppenheim"]
[Date "2005.06.04"]
[Round "?"]
[White "KingLoek"]
[Black "Miezis"]
[Result "1-0"]
[ECO "A52"]
[WhiteElo "2685"]
[BlackElo "2564"]
[PlyCount "57"]
[EventDate "2005.06.03"]
[EventType "blitz"]
[Source "Kuppenheim"]
[SourceDate "2005.01.01"]
[TimeControl "240"]

1. d4 Nf6 2. c4 e5 3. dxe5 Ng4 4. Bf4 Bc5 5. e3 d6 6. exd6 cxd6 7. Nc3 O-O 8. Be2 Nf6 9. Nf3 Re8 10. O-O Nc6 11. a3 a5 12. Na4 Bf5 13. Nxc5 dxc5 14. Qxd8 Raxd8 15. Rfd1 Bc2 16. Rxd8 Rxd8 17. Rc1 Bb3 18. Bg5 a4 19. Kf1 Rd6 20. Bxf6 Rxf6 21. Nd2 Na5 22. Ke1 Rb6 23. Nxb3 Nxb3 24. Rd1 Kf8 25. Rd5 Na1 26. Bd1 Rxb2 27. Bxa4 b6 28. Rd2 Rb1+ 29. Rd1 {
Kuppenheim gibt auf  (Lag: Av=0.54s, max=1.0s) [%emt 0:00:01]} 1-0

[Event "12h Blitz Kuppenheim Play-off"]
[Site "Kuppenheim"]
[Date "2005.06.04"]
[Round "?"]
[White "Miezis"]
[Black "KingLoek"]
[Result "1/2-1/2"]
[ECO "A22"]
[WhiteElo "2564"]
[BlackElo "2685"]
[PlyCount "79"]
[EventDate "2005.06.03"]
[EventType "blitz"]
[Source "Kuppenheim"]
[SourceDate "2005.01.01"]
[TimeControl "240"]

1. c4 Nf6 2. Nc3 e5 3. g3 Bb4 4. Bg2 O-O 5. e4 Bxc3 6. dxc3 d6 7. Qe2 a6 8. Nf3 Nbd7 9. Nd2 b5 10. O-O Qe7 11. b3 Nb6 12. Ba3 Be6 13. f4 c5 14. f5 Bd7 15. g4 h6 16. Bc1 bxc4 17. Nxc4 Nxc4 18. bxc4 Bc6 19. g5 hxg5 20. Bxg5 Rfb8 21. Rf3 Qb7 22. Rg3 Kf8 23. Re1 Qb2 24. Qd3 Ne8 25. Rh3 f6 26. Bc1 Qxa2 27. Rh8+ Ke7 28. Rd1 Rb6 29. Bf3 Qb1 30. Qe2 Rab8 31. Qg2 Ba4 32. Rxe8+ Kxe8 33. Qxg7 Bxd1 34. Qg8+ Kd7 35. Qe6+ Kc7 36. Qf7+ Kc8 37. Qg8+ Kc7 38. Qf7+ Kc8 39. Qg8+ Kc7 40. Qf7+ {
(Lag: Av=0.56s, max=1.5s) [%emt 0:00:02]} 1/2-1/2

[Event "12h Blitz Kuppenheim Play-off"]
[Site "Kuppenheim"]
[Date "2005.06.04"]
[Round "?"]
[White "KingLoek"]
[Black "Bauer"]
[Result "1-0"]
[ECO "B00"]
[WhiteElo "2685"]
[BlackElo "2640"]
[PlyCount "125"]
[EventDate "2005.06.03"]
[EventType "blitz"]
[Source "Kuppenheim"]
[SourceDate "2005.01.01"]
[TimeControl "240"]

1. d4 b6 2. e4 Bb7 3. Bd3 e6 4. Nf3 c5 5. c3 Nf6 6. Qe2 d5 7. e5 Nfd7 8. O-O Nc6 9. a3 c4 10. Bc2 Be7 11. Re1 b5 12. Nbd2 a5 13. Nf1 b4 14. Ng3 h5 15. axb4 axb4 16. Rxa8 Bxa8 17. h3 Nb6 18. Bd2 b3 19. Bb1 Na4 20. Bc1 Na7 21. Qe3 Nb5 22. Qf4 Nbxc3 23. bxc3 Nxc3 24. Bd2 Nb5 25. Qe3 Qb6 26. Ne2 Bc6 27. Nc3 Na3 28. Qf4 Rf8 29. Rd1 Bb4 30. Qg5 Qa5 31. Ne2 c3 32. Bxc3 Bxc3 33. Nxc3 Qxc3 34. Rc1 Qb2 35. Rxc6 Qxb1+ 36. Rc1 b2 37. Rxb1 Nxb1 38. Qe3 Na3 39. Nd2 Nc4 40. Qc3 Nxd2 41. Qxb2 Nc4 42. Qb8+ Ke7 43. Qc7+ Ke8 44. Kh2 g6 45. Kg3 f5 46. Kf4 Rf7 47. Qc8+ Ke7 48. Kg5 Nd2 49. f3 f4 50. Kxg6 Rf5 51. h4 Nf1 52. Qc7+ Ke8 53. Qc6+ Ke7 54. Qb7+ Ke8 55. Qa8+ Ke7 56. Qa3+ Ke8 57. Qd3 Ne3 58. Qb5+ Ke7 59. Qb7+ Ke8 60. Kg7 Nxg2 61. Qb8+ Ke7 62. Qd6+ Ke8 63. Qxe6+ {Zeit  (Lag: Av=0.54s, max=1.2s) [%emt 0:00:01]} 1-0

[Event "12h Blitz Kuppenheim Play-off"]
[Site "Kuppenheim"]
[Date "2005.06.04"]
[Round "?"]
[White "Bauer"]
[Black "KingLoek"]
[Result "1/2-1/2"]
[ECO "A00"]
[WhiteElo "2640"]
[BlackElo "2685"]
[PlyCount "114"]
[EventDate "2005.06.03"]
[EventType "blitz"]
[Source "Kuppenheim"]
[SourceDate "2005.01.01"]
[TimeControl "240"]

1. Nc3 d5 2. e4 d4 3. Nce2 e5 4. Ng3 Be6 5. c3 c5 6. Nf3 f6 7. Qa4+ Nd7 8. Bc4 Bxc4 9. Qxc4 Nb6 10. Qb5+ Qd7 11. a4 Ne7 12. Qxc5 dxc3 13. dxc3 Nxa4 14. Qa5 Nb6 15. O-O Nc6 16. Qb5 Nd8 17. Qe2 Ne6 18. Be3 Bc5 19. Rfd1 Qc6 20. Nf5 O-O 21. Bxc5 Qxc5 22. g3 a6 23. Nd6 Qc6 24. Nh4 Rad8 25. Nhf5 Rd7 26. Qg4 Kh8 27. Rd2 g6 28. Rad1 gxf5 29. Nxf5 Rxd2 30. Rxd2 Nc8 31. h4 Rg8 32. Qf3 Nc5 33. Rd5 Rf8 34. Qe3 Ne6 35. Qh6 Qe8 36. Kh2 Qg6 37. Qe3 Qf7 38. b4 Qc7 39. Qd3 Rd8 40. Nh6 Kg7 41. Nf5+ Kg8 42. Qf3 Rxd5 43. exd5 Nf8 44. Nh6+ Kg7 45. Nf5+ Kg8 46. Qg4+ Kh8 47. Nh6 Qg7 48. Qxc8 Qxh6 49. d6 Kg7 50. d7 Qd2 51. d8=Q Qxf2+ 52. Kh3 Qf1+ 53. Kg4 Qe2+ 54. Kh3 Qf1+ 55. Kh2 Qf2+ 56. Kh1 Qf1+ 57. Kh2 Qf2+ {(Lag: Av=0.51s, max=1.5s) [%emt 0:00:00]} 1/2-1/2